 Dungeon Crawl Stone Soup version 0.30-a0-4-ga7cffc901d (webtiles) character file.

Game seed: 732756804003538643

52 Setbun the Sneak (level 4, -4/25 HPs)
             Began as a Kobold Enchanter on Aug 20, 2022.
             Slain by Natasha (8 damage)
             ... on level 2 of the Dungeon.
             The game lasted 00:01:39 (1689 turns).

Setbun the Sneak (Kobold Enchanter)                 Turns: 1689, Time: 00:01:40

Health: -4/25      AC:  2    Str:  5    XL:     4   Next: 8%
Magic:  7/7        EV: 15    Int: 16    God:
Gold:   69         SH:  0    Dex: 17    Spells: 8/8 levels left

rFire   . . .      SeeInvis .    m - +2 rapier (flame)
rCold   . . .      Faith    .    (no shield)
rNeg    . . .      Spirit   .    b - +0 robe
rPois   .          Reflect  .    (no helmet)
rElec   .          Harm     .    (no cloak)
rCorr   .          Rampage  .    (no gloves)
Will    .....                    (no boots)
Stlth   ++++......               (no amulet)
HPRegen 0.08/turn                (no ring)
MPRegen 0.10/turn                (no ring)

@: no status effects
A: small, no large weapons, nightstalker 3
a: no special abilities


You were on level 2 of the Dungeon.
You visited 1 branch of the dungeon, and saw 2 of its levels.

You collected 69 gold pieces.

Inventory:

Hand Weapons
 a - a +1 dagger
 j - a +0 dagger of venom
 m - a +2 rapier of flaming (weapon)
Armour
 b - a +0 robe (worn)
Jewellery
 d - a +6 ring of dexterity
Scrolls
 e - a scroll of enchant armour {unknown}
 f - a scroll of identify {unknown}
 g - a scroll of butterflies {unknown}
 h - a scroll of noise {unknown}
 k - a scroll of summoning {unknown}
 l - a scroll of vulnerability {unknown}
Potions
 c - 2 potions of invisibility
 i - a potion of haste {unknown}


   Skills:
 + Level 1.1 Fighting
 * Level 3.0 Short Blades
 + Level 2.8 Dodging
 + Level 4.3 Stealth
 + Level 2.5 Spellcasting
 + Level 3.2 Hexes


You had 8 spell levels left.
You didn't know any spells.
Your spell library contained the following spells:

 Spells                   Type           Power      Damage    Failure   Level
 Ensorcelled Hibernation  Hex/Ice        14%        N/A       16%         2
 Confusing Touch          Hex            12%        N/A       16%         3
 Tukima's Dance           Hex            12%        N/A       16%         3
 Dazzling Flash           Conj/Hex       14%        N/A       30%         3
 Silence                  Hex/Air        3%         N/A       95%         5
 Agony                    Necr           2%         N/A       99%         5


Dungeon Overview and Level Annotations

Branches:
Dungeon (2/15)

Altars:

Annotations:
D:2 Natasha


Innate Abilities, Weirdness & Mutations

You are small and have problems with some larger weapons.
You are completely attuned to the shadows.


Message History

The dart slug launches a dart at you. The slug dart misses you.
A ball python comes into view.
Natasha hisses angrily.
You hear an angry hiss.
Natasha mewls in sadness.
Natasha mumbles some strange words.
The crimson imp shouts, "Slither away, thou pox-marked crook-pated fleecer!"
The crimson imp attacks as you move away!
The crimson imp hits you but does no damage.
Natasha casts a spell at you. The magic dart hits you.
You barely miss the ball python. The ball python bites you.
The ball python misses you.
Natasha mumbles some strange words.
The ball python closely misses you. The ball python misses you.
You hit the ball python but do no damage.
The ball python closely misses you. The ball python grabs you.
The ball python constricts you.
You puncture the ball python! You burn the ball python.
You kill the ball python!
The dart slug launches a dart at you. The slug dart misses you.
Natasha stares at you and mumbles some strange words.
The magic dart hits you.
You hit Natasha. You burn Natasha.
Natasha is moderately wounded.
The dart slug closely misses you. Natasha barely misses you.
You barely miss Natasha.
Natasha is moderately wounded.
Natasha claws you!
* * * LOW HITPOINT WARNING * * *
The dart slug barely misses you.
You barely miss Natasha.
Natasha is moderately wounded.
Natasha claws you.
* * * LOW HITPOINT WARNING * * *
You hit Natasha but do no damage.
Natasha is moderately wounded.
The dart slug misses you. Natasha claws you!
You die...

.. #.# #...# #.# ##...###
#.# #.......###.#
#.........>#.
#.......###.# ###
.###...### #..
.....<#####.###...# #.#
......5h@.......##### #.#
.......##w........>[# #.#
......5w.5..###.###.###)#
.......##.#.###.##...##.#
...........#............#
......###.#.##)###...##.#
#...........# ####.###.#
#########.### .[.......#
#.#########.#####


You could see Natasha, 2 crimson imps and a dart slug.

Vanquished Creatures
  A gnoll (D:1)
  A worm (D:2)
  3 ball pythons
  3 bats (D:1)
  2 endoplasms (D:1)
  A giant cockroach (D:2)
  5 goblins
  7 hobgoblins
  2 jackals (D:1)
  3 kobolds (D:1)
  2 quokkas (D:1)
  2 frilled lizards (D:1)
  A rat (D:1)
33 creatures vanquished.

Notes
Turn   | Place    | Note
-------+----------+-------------------------------------------
     0 | D:1      | Setbun the Kobold Enchanter began the quest for the Orb.
     0 | D:1      | Reached XP level 1. HP: 10/10 MP: 3/3
   173 | D:1      | Reached XP level 2. HP: 16/16 MP: 5/5
   291 | D:1      | Reached XP level 3. HP: 20/20 MP: 6/6
   795 | D:1      | Found a faded altar of an unknown god.
  1177 | D:2      | Noticed Natasha
  1485 | D:1      | Reached skill level 1 in Fighting
  1590 | D:2      | Reached XP level 4. HP: 24/25 MP: 7/7
  1689 | D:2      | Slain by Natasha

Illustrated notes

Levels and vault maps discovered:
D:1:      dpeg_chamrin_arrival_tetris, layout_basic,
          hellmonk_ecumenical_altar_crossroads, serial_bayou_pond_e
D:2:      layout_loops_ring, minmay_misc_feat_more_columns, uniq_natasha

Skill      XL: |  1  2  3 |
---------------+----------+-----
Short Blades   | 2 3 |  3.0
Fighting       | 1 |  1.1
Dodging        | |  2.8
Stealth        | |  4.3
Spellcasting   | |  2.5
Hexes          | |  3.2

Action                   |  1- 3 |  4- 6 || total
-------------------------+-------+-------++-------
Melee: Dagger            |    70 |       ||    70
       Rapier            |       |     9 ||     9
 Stab: Sleeping          |    19 |     2 ||    21
Armor: Robe              |     7 |     1 ||     8
Dodge: Dodged            |    28 |    10 ||    38

Table legend: (Time is in decaauts)
 A = Elapsed time spent in this place.
 B = Non-inter-level travel time spent in this place.
 C = Inter-level travel time spent in this place.
 D = Time resting spent in this place.
 E = Time spent auto-exploring this place.
 F = Levels seen in this place.
 G = Mean time per level.
                   A        B        C        D        E       F      G
               +--------+--------+--------+--------+--------+-----+--------+
         Total |   1684 |   1663 |     21 |    520 |    923 |   2 |  842.0 |
       Dungeon |   1684 |   1663 |     21 |    520 |    923 |   2 |  842.0 |
               +--------+--------+--------+--------+--------+-----+--------+

Top non-repeatable levels by time:
     D:1: 1472 daAuts
     D:2: 212 daAuts
